 Dungeon Crawl Stone Soup version 0.18.1-8-gdd0e5ea (webtiles) character file.

679 georgeearnest the Ducker (level 7, -6/53 HPs)
             Began as a Demonspawn Gladiator on June 8, 2016.
             Mangled by a wight
             ... wielding a +2 halberd of freezing
              (7 damage)
             ... on level 4 of the Dungeon.
             The game lasted 00:08:00 (2795 turns).

georgeearnest the Ducker (Demonspawn Gladiator)     Turns: 2795, Time: 00:08:01

Health: -6/53      AC:  4    Str: 17    XL:     7   Next: 34%
Magic:  7/7        EV: 11    Int:  7    God:
Gold:   113        SH:  0    Dex: 14    Spells: 0 memorised, 6 levels left

rFire  . . .     SeeInvis .     a - +0 war axe
rCold  . . .     Gourm    .     b - +0 leather armour
rNeg   . . .     Faith    .     (no shield)
rPois  .         Spirit   .     c - +0 helmet
rElec  .         Dismiss  .     (no cloak)
rCorr  .         Reflect  .     (no gloves)
SustAt .         Harm     .     (no boots)
MR     +....     Clarity  +     o - amulet of inaccuracy (curse)
Stlth  ++........               (no ring)
                                j - ring of protection from magic

@: very heavily drained, somewhat resistant to hostile enchantments, unstealthy
A: clarity, dopey 1, nightstalker 1, powered by death 1, evolution 1
a: no special abilities


You were on level 4 of the Dungeon.
You were not hungry.

You visited 1 branch of the dungeon, and saw 4 of its levels.
You also visited: Sewer.

You collected 113 gold pieces.

Inventory:

Hand Weapons
 a - a +0 war axe (weapon)
Missiles
 d - 4 throwing nets (quivered)
Armour
 b - a +0 leather armour (worn)
 c - a +0 helmet (worn)
Jewellery
 j - a ring of protection from magic (left hand)
 o - a cursed amulet of inaccuracy (around neck)
Scrolls
 e - 3 scrolls of enchant armour {unknown}
 f - a scroll of noise {unknown}
 g - 6 scrolls of identify {unknown}
 h - a scroll of amnesia {unknown}
 k - a scroll of teleportation {unknown}
 m - a scroll of fog {unknown}
 t - a scroll of immolation {unknown}
 u - a scroll of recharging {unknown}
Potions
 l - a potion of mutation
 q - a potion of might {unknown}
Comestibles
 i - a beef jerky
 v - a slice of pizza


   Skills:
 + Level 3.8(0.0) Fighting
 + Level 4.6(0.2) Axes
 + Level 1.8(0.0) Throwing
 + Level 2.7(0.0) Armour
 + Level 4.9(0.5) Dodging
 + Level 1.6(0.0) Stealth


You had 6 spell levels left.
You didn't know any spells.

Dungeon Overview and Level Annotations

Branches:
Dungeon (4/15)
 Temple: D:4-7

Altars:
Yredelemnul


Innate Abilities, Weirdness & Mutations

You are slightly more attuned to the shadows.
You regenerate a little health from kills.
You possess an exceptional clarity of mind.
You are dopey. (Int -2)
You evolve.


Message History

* * * LOW HITPOINT WARNING * * *
Drink which item? (? for menu, Esc to quit)
You feel better. The wight barely misses you.
You barely miss the wight.
The wight is lightly damaged.
The wight closely misses you.
You closely miss the wight.
The wight is lightly damaged.
The wight closely misses you.
You barely miss the wight.
The wight is lightly damaged.
The wight barely misses you. The wight hits you but does no damage.
You closely miss the wight.
The wight is lightly damaged.
The wight hits you with a halberd of freezing!
* * * LOW HITPOINT WARNING * * *
The wight freezes you.
* * * LOW HITPOINT WARNING * * *
The wight hits you from afar with a halberd of freezing!
You die...

#......### #.# ##...## #.#
#.....##########
#.###..............#
#.#...>.#.##...###.#
#.#.#.....#.....##.#
####.#.#.....##..<###.#
.......##.######.## #.#######
.###......# #@# #.......# .#
###.#### #)# #######.# .#####.#
##z## #.# .##....# ##...## #.#
.##.##.# ##.....## ##.# .......##
##.......## ##..#
###[#...####.........####...##
.....<.....+.........'.......####
###.#...####.........####........


You could see a wight.

Vanquished Creatures
  4 big kobolds (Sewer)
  4 wights (D:4)
  An orc priest (D:3)
  An orc wizard (D:3)
  An iguana (D:4)
  6 adders
  4 worms
  2 dart slugs
  4 giant geckos
  4 orcs (D:3)
  A ball python (Sewer)
  8 giant cockroaches
  9 hobgoblins
  4 jackals
  12 kobolds
  10 bats
  3 giant newts
  5 goblins
  15 rats
98 creatures vanquished.

Notes
Turn   | Place    | Note
--------------------------------------------------------------
     0 | D:1      | georgeearnest the Demonspawn Gladiator began the quest for the Orb.
     0 | D:1      | Reached XP level 1. HP: 16/16 MP: 1/1
   203 | D:1      | Gained mutation: You regenerate a little health from kills. [demonic ancestry]
   203 | D:1      | Reached XP level 2. HP: 22/22 MP: 2/2
   651 | D:2      | Reached XP level 3. HP: 27/27 MP: 3/3
   839 | D:2      | Reached skill level 1 in Armour
   914 | D:2      | Gained mutation: You are slightly more attuned to the shadows. [demonic ancestry]
   914 | D:2      | Reached XP level 4. HP: 34/34 MP: 4/4
  1374 | D:3      | Found a glowing drain.
  1413 | Sewer    | Entered a sewer
  1428 | Sewer    | Noticed a big kobold
  1436 | Sewer    | Killed a big kobold
  1436 | Sewer    | Reached XP level 5. HP: 26/41 MP: 5/5
  1529 | Sewer    | Gained mutation: You are dopey. (Int -2) [potion of mutation]
  1529 | Sewer    | Gained mutation: You evolve. [potion of mutation]
  1529 | Sewer    | Gained mutation: You possess an exceptional clarity of mind. [potion of mutation]
  1539 | Sewer    | Reached skill level 1 in Stealth
  1539 | Sewer    | Reached XP level 6. HP: 47/47 MP: 6/6
  1943 | D:3      | Found a basalt altar of Yredelemnul.
  2658 | D:4      | Reached XP level 7. HP: 42/52 MP: 7/7
  2794 | D:4      | HP: 1/53 [wight/halberd of freezing (5)]
  2795 | D:4      | Mangled by a wight

Skill      XL: |  1  2  3  4  5  6 |
---------------+-------------------+-----
Axes           | 3 4 |  4.6
Armour         | 1 2 |  2.7
Dodging        | 3 4 |  4.9
Fighting       | 3 |  3.8
Stealth        | 1 |  1.6
Throwing       | |  1.8

Action                   |  1- 3 |  4- 6 |  7- 9 || total
-------------------------+-------+-------+-------++-------
Melee: War axe           |   105 |   214 |    45 ||   364
  Use: Potion            |       |     8 |    12 ||    20
 Stab: Sleeping          |       |    10 |       ||    10
  Eat: Bread ration      |       |     1 |       ||     1
       Meat ration       |       |     1 |       ||     1
Armor: Leather armour    |    49 |    63 |     8 ||   120
       Skin              |       |    19 |       ||    19
Dodge: Dodged            |    88 |   157 |    43 ||   288
